 Dungeon Crawl Stone Soup version 0.29.1-4-g47bece8355 (webtiles) character file.

Game seed: 1189460196201910340

12294 sanboga the Nimble (level 11, -2/80 (81) HPs)
             Began as a Gnoll Monk on Dec 5, 2022.
             Was a Priest of Hepliaklqana.
             Killed from afar by an electric eel (12 damage)
             ... with a bolt of electricity
             ... on level 9 of the Dungeon.
             The game lasted 00:16:20 (10940 turns).

sanboga the Nimble (Gnoll Monk)                    Turns: 10940, Time: 00:16:21

HP:   -2/80 (81)    AC: 12    Str: 14      XL:     11   Next: 91%
MP:   21/21         EV: 16    Int:  9      God:    Hepliaklqana [***...]
Gold: 418           SH:  0    Dex: 15 (16) Spells: 24/24 levels left

rFire   . . .      SeeInvis .   g - +7 Singing Sword {vorpal, sonic wave}
rCold   . . .      Faith    .   (no shield)
rNeg    . . .      Spirit   .   y - +0 acid dragon scales
rPois   +          Reflect  .   (no helmet)
rElec   .          Harm     .   i - +0 cloak {Will+}
rCorr   +          Rampage  .   m - +1 pair of gloves {Stlth+}
Will    +....                   n - +0 pair of boots
Stlth   +++++.....              (no amulet)
HPRegen 0.23/turn               b - ring of poison resistance
MPRegen 0.17/turn               (no ring)

@: lightly drained
A: reduced essence, fangs 1, strong nose, distributed training
a: Renounce Religion, Recall Ancestor, Ancestor Identity, Transference


You were on level 9 of the Dungeon.
You worshipped Hepliaklqana.
Hepliaklqana was most pleased with you.
You visited 2 branches of the dungeon, and saw 10 of its levels.
You also visited: Ossuary and Bailey.

You collected 635 gold pieces.
You spent 217 gold pieces at shops.

Inventory:

Hand Weapons
 g - the +7 Singing Sword (weapon) {vorpal, sonic wave}
   (You found it on level 4 of the Dungeon)

   It inflicts extra damage upon your enemies.
   It radiates damaging sonic waves as it strikes, especially in combat
   involving dangerous or numerous foes.
 x - a +1 war axe of flaming
Armour
 i - a +0 cloak of willpower (worn)
 m - a +1 pair of gloves of stealth (worn)
 n - a +0 pair of boots (worn)
 y - +0 acid dragon scales (worn)
Jewellery
 b - a ring of poison resistance (left hand)
 j - a ring of see invisible
Wands
 e - a wand of light (7)
 h - a wand of mindburst (7)
 u - a wand of polymorph (2)
 z - a wand of flame (23)
Scrolls
 a - a scroll of blinking
 d - 3 scrolls of identify
 f - 3 scrolls of fog
 k - a scroll of silence
 o - 2 scrolls of enchant armour
 p - 2 scrolls of enchant weapon
 w - 2 scrolls of teleportation
Potions
 c - a potion of resistance
 l - a potion of invisibility
 q - a potion of flight
 r - 2 potions of haste
 s - 5 potions of curing
 t - 3 potions of heal wounds
 v - 2 potions of cancellation
 A - a potion of ambrosia


   Skills:
 + Level 9.8 Fighting
 + Level 7.1 Short Blades
 + Level 7.1 Long Blades
 + Level 7.1 Axes
 + Level 9.8 Maces & Flails
 + Level 7.1 Polearms
 + Level 7.1 Staves
 + Level 7.1 Ranged Weapons
 + Level 7.1 Throwing
 + Level 7.1 Armour
 + Level 9.8 Dodging
 + Level 8.4 Stealth
 + Level 7.1 Shields
 + Level 7.1 Unarmed Combat
 + Level 7.1 Spellcasting
 + Level 5.9 Conjurations
 + Level 5.9 Hexes
 + Level 5.9 Summonings
 + Level 5.9 Necromancy
 + Level 5.9 Translocations
 + Level 5.9 Transmutations
 + Level 5.9 Fire Magic
 + Level 5.9 Ice Magic
 + Level 5.9 Air Magic
 + Level 5.9 Earth Magic
 + Level 5.9 Poison Magic
 + Level 7.8 Invocations
 + Level 7.1 Evocations


You had 24 spell levels left.
You didn't know any spells.
Your spell library contained the following spells:

 Spells                   Type           Power      Damage    Failure   Level
 Summon Forest            Summ/Tloc      6%         N/A       54%         5
 Summon Mana Viper        Hex/Summ       13%        N/A       54%         5
 Summon Cactus Giant      Summ           6%         N/A       98%         6


Dungeon Overview and Level Annotations

Branches:
Dungeon (9/15)             Temple (1/1) D:6         Ossuary (visited)
 Bailey (visited)
   Lair: D:8-11         Orc: D:9-12

Altars:
Ashenzari
Elyvilon
Hepliaklqana
Kikubaaqudgha
Nemelex Xobeh
Okawaru
Trog
Wu Jian
Xom
Yredelemnul
Zin
The Shining One

Shops:
D:2 :([(


Innate Abilities, Weirdness & Mutations

Your life essence is reduced to manifest your ancestor. (-10% HP)
You have very sharp teeth.
Your uncanny sense of smell can sniff out nearby items.
Your experience applies equally to all skills.


Message History

The electric eel shoots out a bolt of lightning at you!
The bolt of electricity hits the plant! x3; The bolt of electricity hits you!
The electric eel shoots out a bolt of lightning at you!
The bolt of electricity hits Sunny.
The bolt of electricity hits the plant!
The bolt of electricity hits you!
A nearby plant withers and dies.
A nearby plant withers and dies.
The electric eel shoots out a bolt of lightning at you!
The bolt of electricity hits the electric eel.
The electric eel completely resists.
The bolt of electricity hits the plant!
The plant begins to die.
The bolt of electricity hits you.
The electric eel shoots out a bolt of lightning at you!
The bolt of electricity hits the plant!
The bolt of electricity misses you.
Found 14 gold pieces.
The electric eel shoots out a bolt of lightning at you!
The bolt of electricity hits the plant.
The bolt of electricity hits you!
The electric eel shoots out a bolt of lightning at you!
The bolt of electricity hits the plant!
The bolt of electricity hits you!
You slash the electric eel!
You kill the electric eel!
You hear a splash.
The electric eel shoots out a bolt of lightning at you!
The bolt of electricity hits the plant!
The bolt of electricity hits you but does no damage.
You closely miss the electric eel. Your bite misses the electric eel.
A nearby plant withers and dies.
You barely miss the electric eel.
The electric eel shoots out a bolt of lightning at you!
The bolt of electricity hits you!
* * * LOW HITPOINT WARNING * * *
The bolt of electricity hits you!
* * * LOW HITPOINT WARNING * * *
The bolt of electricity misses the electric eel.
Sunny gestures at the electric eel while chanting.
The electric eel appears confused.
You barely miss the electric eel. You punch the electric eel!
The electric eel is heavily wounded.
The electric eel shoots out a bolt of lightning at you!
The bolt of electricity hits you!
You die...

∆ #....####.#
#...♣# #.#
∆#..♣~♣# #.#
#.~P~P♣##.#
###.~~~~~.R.#
....~~~~~♣..#
....~~~~P♣..#
♣...~~P~~♣..#
~~..~~~≈~~@.#
~~...~~~SS♣.#
~~...~~≈≈≈~~#
~...~~~~~~~♣#
~~.!.♣~~~~♣♣
P~...~~P~~~
.$~~~~~
..~~~~P


You could see the friendly Sunny the hexer and 2 electric eels.

Vanquished Creatures
  An orc warlord (Bailey)
  An orc knight (Bailey)
  Maurice (D:8)
  Maggie (D:6)
  Grinder (D:5)
  Sigmund (D:6)
  A wraith (D:8)
  Menkaure (Ossuary)
  2 water moccasins
  Duvessa (D:6)
  8 orc warriors
  2 ice beasts
  2 black bears
  2 ogres
  2 sky beasts
  2 centaurs (D:7)
  2 phantoms (D:6)
  3 kobold brigands
  A necrophage (D:6)
  4 scorpions (D:4)
  A gnoll sergeant (D:9)
  5 wights (D:8)
  Dowan (D:6)
  2 killer bees (D:9)
  2 howler monkeys
  An electric eel (D:9)
  5 hounds
  2 orc priests
  Crazy Yiuf (D:7)
  3 jellies
  Ijyb (D:5)
  2 gnoll boudas
  An iguana (D:7)
  5 orc wizards
  Robin (D:2)
  3 mummies (Ossuary)
  9 adders
  31 gnolls
  A shadow imp (D:6)
  2 white imps (D:6)
  An ufetubus (D:6)
  6 worms
  5 dart slugs
  34 orcs
  8 endoplasms
  6 giant cockroaches
  3 gnoll zombies (Ossuary)
  23 goblins
  7 hobgoblins
  8 jackals
  22 kobolds
  4 quokkas
  6 ball pythons
  7 bats
  5 frilled lizards
  3 gnoll skeletons (Ossuary)
  3 goblin skeletons (Ossuary)
  4 goblin zombies (Ossuary)
  3 hobgoblin skeletons (Ossuary)
  A hobgoblin zombie (Ossuary)
  5 kobold skeletons (Ossuary)
  7 kobold zombies (Ossuary)
  5 orc skeletons (Ossuary)
  4 orc zombies (Ossuary)
  9 rats
  4 rat skeletons (Ossuary)
  5 rat zombies (Ossuary)
316 creatures vanquished.

Vanquished Creatures (collateral kills)
  A harpy (Bailey)
  A troll (D:8)
  A hornet (D:7)
  An orc warrior (Bailey)
  A sky beast (D:7)
  A centaur (D:8)
  A phantom (D:7)
  A killer bee (D:9)
  A jelly (D:7)
  An orc priest (D:8)
  2 gnolls (Bailey)
  2 orcs (Bailey)
  A gnoll zombie (Ossuary)
  5 goblins
  A gnoll skeleton (Ossuary)
  2 kobolds
  An orc skeleton (Ossuary)
24 creatures vanquished.

Vanquished Creatures (others)
  An angel (D:3)
  2 hexers (Bailey)
  5 fungi (D:4)
  5 plants (D:9)
  4 toadstools (D:3)
17 creatures vanquished.

Grand Total: 357 creatures vanquished

Notes
Turn   | Place    | Note
-------+----------+-------------------------------------------
     0 | D:1      | sanboga the Gnoll Monk began the quest for the Orb.
     0 | D:1      | Reached XP level 1. HP: 23/23 MP: 1/1
     1 | D:1      | Found a runed translucent door.
    69 | D:1      | Reached XP level 2. HP: 13/29 MP: 2/2
    94 | D:1      | HP: 1/29 [frozen (4)]
   428 | D:1      | Reached XP level 3. HP: 35/35 MP: 3/3
   629 | D:1      | Reached skill level 1 in Invocations
   756 | D:1      | Reached skill level 1 in Short Blades
   756 | D:1      | Reached skill level 1 in Long Blades
   756 | D:1      | Reached skill level 1 in Axes
   756 | D:1      | Reached skill level 1 in Polearms
   756 | D:1      | Reached skill level 1 in Staves
   756 | D:1      | Reached skill level 1 in Ranged Weapons
   756 | D:1      | Reached skill level 1 in Throwing
   756 | D:1      | Reached skill level 1 in Armour
   756 | D:1      | Reached skill level 1 in Shields
   756 | D:1      | Reached skill level 1 in Unarmed Combat
   756 | D:1      | Reached skill level 1 in Spellcasting
   756 | D:1      | Reached skill level 1 in Evocations
  1139 | D:2      | Reached XP level 4. HP: 18/41 MP: 5/5
  1357 | D:2      | Found Ohioteu's Weapon Shoppe.
  1367 | D:2      | Noticed Robin
  1384 | D:2      | Killed Robin
  1385 | D:2      | Reached skill level 1 in Conjurations
  1385 | D:2      | Reached skill level 1 in Hexes
  1385 | D:2      | Reached skill level 1 in Summonings
  1385 | D:2      | Reached skill level 1 in Necromancy
  1385 | D:2      | Reached skill level 1 in Translocations
  1385 | D:2      | Reached skill level 1 in Transmutations
  1385 | D:2      | Reached skill level 1 in Fire Magic
  1385 | D:2      | Reached skill level 1 in Ice Magic
  1385 | D:2      | Reached skill level 1 in Air Magic
  1385 | D:2      | Reached skill level 1 in Earth Magic
  1385 | D:2      | Reached skill level 1 in Poison Magic
  1872 | D:2      | Found Wuevit's Book Shoppe.
  1952 | D:2      | Found Wethreni's Weapon Emporium.
  1968 | D:2      | Found a faded altar of an unknown god.
  2032 | D:2      | Found Udwaithro's Antique Armour Shoppe.
  2191 | D:2      | Bought a +0 flail for 45 gold pieces
  2353 | D:3      | Killed an angel
  2541 | D:3      | Noticed an ogre
  2550 | D:3      | Killed an ogre
  2551 | D:3      | Reached XP level 5. HP: 47/47 MP: 7/7
  2817 | D:3      | Found a shimmering altar of Xom.
  2818 | D:3      | Found a glowing silver altar of Zin.
  2967 | D:2      | Bought a pair of runed gloves for 172 gold pieces
  3038 | D:4      | Reached XP level 6. HP: 46/53 MP: 8/8
  3452 | D:4      | Found the +7 Singing Sword {vorpal, sonic wave}
  3867 | D:4      | Reached XP level 7. HP: 45/60 MP: 10/10
  4463 | D:4      | Reached skill level 5 in Stealth
  5203 | D:5      | Entered Level 5 of the Dungeon
  5417 | D:5      | Noticed Ijyb
  5436 | D:5      | Killed Ijyb
  5620 | D:5      | Reached XP level 8. HP: 64/67 MP: 12/12
  6022 | D:5      | Noticed Grinder
  6030 | D:5      | Killed Grinder
  6327 | D:6      | Noticed Sigmund
  6336 | D:6      | Killed Sigmund
  6350 | D:6      | Noticed Duvessa
  6355 | D:6      | Killed Duvessa
  6356 | D:6      | Noticed Dowan
  6360 | D:6      | Killed Dowan
  6383 | D:6      | Reached XP level 9. HP: 40/73 MP: 14/14
  6502 | D:6      | Noticed Maggie
  6510 | D:6      | Killed Maggie
  6987 | D:6      | Reached skill level 5 in Invocations
  7070 | D:6      | Found a staircase to the Ecumenical Temple.
  7397 | D:6      | Noticed a moth of wrath
  7399 | D:6      | Found a bloodstained altar of Trog.
  7676 | Temple   | Entered the Ecumenical Temple
  7686 | Temple   | Became a worshipper of Hepliaklqana the Forgotten
  7686 | Temple   | Reached * piety under Hepliaklqana
  7686 | Temple   | Reached ** piety under Hepliaklqana
  7690 | Temple   | Remembered your ancestor Sunny as a hexer
  7733 | D:7      | Found a flagged portal.
  7744 | Bailey   | Entered a bailey
  7771 | Bailey   | Noticed an orc knight
  7783 | Bailey   | Killed an orc knight
  7934 | Bailey   | Reached skill level 5 in Short Blades
  7934 | Bailey   | Reached skill level 5 in Long Blades
  7934 | Bailey   | Reached skill level 5 in Axes
  7934 | Bailey   | Reached skill level 5 in Polearms
  7934 | Bailey   | Reached skill level 5 in Staves
  7934 | Bailey   | Reached skill level 5 in Ranged Weapons
  7934 | Bailey   | Reached skill level 5 in Throwing
  7934 | Bailey   | Reached skill level 5 in Armour
  7934 | Bailey   | Reached skill level 5 in Shields
  7934 | Bailey   | Reached skill level 5 in Unarmed Combat
  7934 | Bailey   | Reached skill level 5 in Spellcasting
  7934 | Bailey   | Reached skill level 5 in Evocations
  7934 | Bailey   | Reached XP level 10. HP: 18/72 MP: 17/17
  8027 | Bailey   | Noticed an orc knight
  8028 | Bailey   | Noticed a harpy
  8028 | Bailey   | an orc knight changed into a harpy
  8031 | Bailey   | Killed a harpy
  8272 | Bailey   | Reached skill level 5 in Conjurations
  8272 | Bailey   | Reached skill level 5 in Hexes
  8272 | Bailey   | Reached skill level 5 in Summonings
  8272 | Bailey   | Reached skill level 5 in Necromancy
  8272 | Bailey   | Reached skill level 5 in Translocations
  8272 | Bailey   | Reached skill level 5 in Transmutations
  8272 | Bailey   | Reached skill level 5 in Fire Magic
  8272 | Bailey   | Reached skill level 5 in Ice Magic
  8272 | Bailey   | Reached skill level 5 in Air Magic
  8272 | Bailey   | Reached skill level 5 in Earth Magic
  8272 | Bailey   | Reached skill level 5 in Poison Magic
  8272 | Bailey   | Reached XP level 11. HP: 62/80 MP: 17/20
  8291 | Bailey   | Noticed an orc warlord
  8362 | Bailey   | Killed an orc warlord
  8748 | D:7      | Found a runed translucent door.
  8749 | D:7      | Noticed Crazy Yiuf
  8756 | D:7      | Killed Crazy Yiuf
  9265 | D:7      | Found a glowing golden altar of the Shining One.
  9355 | D:8      | Noticed Maurice
  9367 | D:8      | Killed Maurice
  9418 | D:8      | Reached *** piety under Hepliaklqana
  9419 | D:8      | Found a sand-covered staircase.
  9426 | Ossuary  | Entered an ossuary
  9682 | Ossuary  | Noticed Menkaure
  9689 | Ossuary  | Killed Menkaure
 10491 | D:8      | Found a white marble altar of Elyvilon.
 10940 | D:9      | Killed from afar by an electric eel

Illustrated notes

Levels and vault maps discovered:
D:1:      dpeg_arrival_caged_fury, layout_loops_ring
D:2:      layout_basic, serial_curves, eino_curves_04, eino_curves_03,
          ebering_ecumenical_altar_box, serial_shops, nicolae_square_shop,
          nicolae_shop_statue_plus, nicolae_shop_bloodbath_and_beyond, shop,
          minmay_door_square, kennysheep_generic_room_12, uniq_robin
D:3:      layout_basic, grunt_temple_overflow_order_and_chaos_1,
          minmay_gold_behind_fungi
D:4:      old_forge, layout_basic, serial_curves, eino_curves_04,
          eino_curves_03, eino_curves_02, chequers_serial_rivers_small_a,
          chequers_big_river
D:5:      layout_loops_corners, minivault_14, uniq_ijyb, uniq_grinder
D:6:      layout_basic, tgw_trog, temple_statues, uniq_sigmund, uniq_duvessa,
          uniq_maggie
D:7:      layout_rooms, tso_altar, enter_bailey_3, hangedman_decor_peaks_small,
          uniq_crazy_yiuf_cottage
D:8:      layout_basic, elyvilon_altar_5, chequers_ossuary_entry_cave,
          uniq_maurice
D:9:      layout_stronghold, mainiacjoe_overflow_tiny_flanked,
          nicolae_overflow_hallway_of_the_gods,
          mainiacjoe_overflow_surrounded_room, gammafunk_ghost_necromancy,
          serial_bayou, serial_bayou_pond_a, serial_bayou_pond_a,
          serial_bayou_shore_b, serial_bayou_ford_a, grunt_ministairs_15
Temple:   hellmonk_temple_two_chambers

Skill      XL: |  1  2  3  4  5  6  7  8  9 10 11 |
---------------+----------------------------------+-----
Invocations    | 1 2 3 4 5 7 |  7.8
Short Blades   | 1 2 3 5 6 7 |  7.1
Long Blades    | 1 2 3 5 6 7 |  7.1
Axes           | 1 2 3 5 6 7 |  7.1
Polearms       | 1 2 3 5 6 7 |  7.1
Staves         | 1 2 3 5 6 7 |  7.1
Ranged Weapons | 1 2 3 5 6 7 |  7.1
Throwing       | 1 2 3 5 6 7 |  7.1
Armour         | 1 2 3 5 6 7 |  7.1
Shields        | 1 2 3 5 6 7 |  7.1
Unarmed Combat | 1 2 3 5 6 7 |  7.1
Spellcasting   | 1 2 3 5 6 7 |  7.1
Evocations     | 1 2 3 5 6 7 |  7.1
Conjurations   | 1 2 3 4 5 |  5.9
Hexes          | 1 2 3 4 5 |  5.9
Summonings     | 1 2 3 4 5 |  5.9
Necromancy     | 1 2 3 4 5 |  5.9
Translocations | 1 2 3 4 5 |  5.9
Transmutations | 1 2 3 4 5 |  5.9
Fire Magic     | 1 2 3 4 5 |  5.9
Ice Magic      | 1 2 3 4 5 |  5.9
Air Magic      | 1 2 3 4 5 |  5.9
Earth Magic    | 1 2 3 4 5 |  5.9
Poison Magic   | 1 2 3 4 5 |  5.9
Fighting       | 7 8 9 |  9.8
Maces & Flails | 7 8 9 |  9.8
Dodging        | 7 8 9 |  9.8
Stealth        | 5 6 7 8 |  8.4

Action                   |  1- 3 |  4- 6 |  7- 9 | 10-12 || total
-------------------------+-------+-------+-------+-------++-------
Melee: Mace              |   117 |    65 |       |       ||   182
       Bite              |    13 |    16 |    25 |    22 ||    76
       Flail             |       |   127 |   120 |       ||   247
       Punch             |       |     2 |     6 |     4 ||    12
       Double sword      |       |       |   120 |   201 ||   321
       Unarmed           |       |       |     2 |       ||     2
Invok: Recall Ancestor   |       |       |     1 |     1 ||     2
       Ancestor Life: He |       |       |     1 |       ||     1
       Ancestor Identity |       |       |     1 |       ||     1
Evoke: Wand              |       |     2 |       |     4 ||     6
  Use: Potion            |     1 |     2 |     1 |     5 ||     9
       Scroll            |       |       |     3 |    12 ||    15
 Stab: Sleeping          |     5 |     4 |     7 |     6 ||    22
       Confused          |       |       |       |     6 ||     6
       Distracted        |       |       |       |     1 ||     1
Armor: Robe              |     6 |       |       |       ||     6
       Ring mail         |    25 |    70 |    49 |       ||   144
       Acid dragon scale |       |       |    19 |    45 ||    64
Dodge: Dodged            |    91 |   170 |   171 |   126 ||   558
